 Dungeon Sprint DCSS version 0.21.1-1-g345015f (webtiles) character file.

75191 equalderp2856 the Hoplite (level 15, -3/145 HPs)
             Began as a Minotaur Fighter on May 19, 2018.
             Slain by Mennas
             ... wielding a +5 eudemon blade of holy wrath
              (14 damage)
             ... in the Dungeon (Sprint IX: "|||||||||||||||||||||||||||||").
             The game lasted 00:24:57 (9358 turns).

equalderp2856 the Hoplite (Minotaur Fighter)        Turns: 9358, Time: 00:24:57

Health: -3/145     AC: 34    Str: 22    XL:     15   Next: 9%
Magic:  5/15       EV: 11    Int:  8    God:
Gold:   994        SH: 30    Dex:  8    Spells: 14/14 levels left

rFire    . . .     SeeInvis .   G - +1 double sword
rCold    . . .     Gourm    .   H - +1 large shield {AC+3}
rNeg     . . .     Faith    .   P - +3 plate armour {rPois}
rPois    +         Spirit   .   (helmet restricted)
rElec    .         Reflect  +   z - +0 cloak
rCorr    .         Harm     .   I - +1 pair of gloves
MR       ++...     NoTele   +   w - +1 pair of boots
Stlth    ..........             A - +3 amulet of reflection
HPRegen  0.34/turn              q - +2 ring of protection
MPRegen  0.14/turn              F - ring of protection from magic

@: very slightly contaminated, glowing, silenced
A: retaliatory headbutt, horns 2, [clumsy 2], [frail 1], [MP-powered wands]
a: no special abilities


You were in the Dungeon.
You were very hungry.

You visited 1 branch You collected 1928 gold pieces.
You spent 934 gold pieces at shops.

Inventory:

Hand Weapons
 a - a +0 long sword
 j - a +0 scimitar of holy wrath
 p - a +2 antimagic scimitar
 C - a +3 demon trident
 G - a +1 double sword (weapon)
 L - the +10 morningstar "Eos" {elec, Halo rElec}
   (You found it in the Dungeon)

   Occasionally, upon striking a foe, it will discharge some electrical energy
   and cause terrible harm.
   It insulates you from electricity.
Armour
 b - a +0 scale mail
 c - a +0 shield
 s - a +1 scale mail
 w - a +1 pair of boots (worn)
 z - a +0 cloak (worn)
 B - a +0 plate armour
 H - a +1 large shield of protection (worn)
 I - a +1 pair of gloves (worn)
 J - a +2 plate armour
 K - the +3 shadow dragon scales "Xompauc" {rC+ rN++ Dex-4 Stlth++++}
   (You found it in the Dungeon)

   It affects your dexterity (-4).
   It protects you from cold.
   It greatly protects you from negative energy.
   It makes you much more stealthy.
 N - +0 ice dragon scales
 O - a +2 chain mail of positive energy
 P - a +3 plate armour of poison resistance (worn)
Jewellery
 q - a +2 ring of protection (left hand)
 r - a +3 ring of strength
 A - a +3 amulet of reflection (around neck)
 D - an uncursed ring of fire
 E - an uncursed ring of ice
 F - a ring of protection from magic (right hand)
Wands
 o - a wand of iceblast (9)
Scrolls
 k - 2 scrolls of blinking
 m - 3 scrolls of remove curse
 n - 2 scrolls of amnesia
 x - 2 scrolls of fog
 y - 8 scrolls of enchant armour
 M - a scroll of fear
Potions
 d - a potion of might
 e - 3 potions of curing
 g - a potion of invisibility
 h - a potion of haste
 i - 4 potions of magic
 l - a potion of degeneration {unknown}
 t - a potion of agility
 v - a potion of brilliance
Comestibles
 f - 20 rations


   Skills:
 + Level 22.7 Fighting
 + Level 23.7 Long Blades
 + Level 6.6 Maces & Flails
 + Level 4.1 Polearms
 + Level 19.9 Armour
 + Level 9.0 Dodging
 + Level 3.3 Stealth
 + Level 26.8 Shields
 + Level 2.2 Evocations


You had 14 spell levels left.
You didn't know any spells.

Dungeon Overview and Level Annotations

Branches:
Dungeon (1/1)

Altars:
Cheibriados
Dithmenos
Elyvilon
Fedhas
Gozag
Hepliaklqana
Kikubaaqudgha
Makhleb
Nemelex Xobeh
Okawaru
Qazlal
Ru
Sif Muna
Trog
Uskayaw
Vehumet
Wu Jian
Xom
Yredelemnul
Zin
The Shining One
Beogh
Jiyva
Lugonu

Shops:
D =:=

Annotations:
D Mennas


Innate Abilities, Weirdness & Mutations

You reflexively headbutt those who attack you in melee.
You have a pair of horns on your head.
[You are very clumsy. (Dex -4)]
[You are frail. (-10% HP)]
[You expend magic power (3 MP) to strengthen your wands.]


Message History

Mennas is severely wounded.
Mennas completely misses you. You block Mennas's attack.
Unknown command.
Mennas blocks your attack.
Mennas is severely wounded.
You block Mennas's attack. x2
Unknown command.
Mennas blocks your attack.
Mennas is severely wounded.
Mennas gestures at you. Mennas hits you but does no damage.
You block Mennas's attack.
Unknown command.
Mennas blocks your attack.
Mennas is severely wounded.
Mennas hits you but does no damage. You block Mennas's attack.
Unknown command.
Mennas blocks your attack.
Mennas is severely wounded.
Mennas hits you with an eudemon blade of holy wrath!
You die...

▓▓▓▓▓▓▓▓▓▓▓▓▓▓▓▓▓▓▓▓▓▓▓▓▓▓▓▓▓▓▓▓▓
................@A...............
▓▓▓▓▓▓▓▓▓▓▓▓▓▓▓▓▓▓▓▓▓▓▓▓▓▓▓▓▓▓▓▓▓
)).................)...........)[
▓▓▓▓▓▓▓▓▓▓▓▓▓▓▓▓▓▓▓▓▓▓▓▓▓▓▓▓▓▓▓▓▓
..)[)))).)))..............)..(..(
▓▓▓▓▓▓▓▓▓▓▓▓▓▓▓▓▓▓▓▓▓▓▓▓▓▓▓▓▓▓▓▓▓
.'.........'.......))'...........
▓▓▓▓▓▓▓▓▓▓▓▓▓▓▓▓▓▓▓▓▓▓▓▓▓▓▓▓▓▓▓▓▓
......)..........................


You could see Mennas.

Vanquished Creatures
  Saint Roka (D)
  A tentacled monstrosity (D)
  A sphinx (D)
  Donald (D)
  A tengu reaver (D)
  4 frost giants (D)
  Aizul (D)
  A nagaraja (D)
  2 ironheart preservers (D)
  4 stone giants (D)
  A very ugly thing (D)
  An entropy weaver (D)
  Snorg (D)
  An ettin (D)
  A fire dragon (D)
  A merfolk impaler (D)
  A great orb of eyes (D)
  A yaktaur captain (D)
  2 ice dragons (D)
  A naga warrior (D)
  A hydra (D)
  7 ogre magi (D)
  2 ghost crabs (D)
  A death knight (D)
  3 centaur warriors (D)
  An anaconda (D)
  3 deep troll earth magi (D)
  A deep troll shaman (D)
  A tengu warrior (D)
  Urug (D)
  An orc high priest (D)
  4 shock serpents (D)
  A wretched star (D)
  2 sea snakes (D)
  2 glowing orange brains (D)
  7 deep trolls (D)
  A wizard (D)
  3 orc knights (D)
  2 ironbrand convokers (D)
  A necromancer (D)
  A harpy (D)
  2 manticores (D)
  2 wolf spiders (D)
  A moth of wrath (D)
  A salamander (D)
  2 cyclopes (D)
  Maurice (D)
  2 water nymphs (D)
  3 black mambas (D)
  A kobold demonologist (D)
  2 vault sentinels (D)
  5 spiny frogs (D)
  3 demonic crawlers (D)
  3 yaktaurs (D)
  A guardian mummy (D)
  A komodo dragon (D)
  A merfolk (D)
  A tengu conjurer (D)
  2 trolls (D)
  A tyrant leech (D)
  A meliai (D)
  A hornet (D)
  A hippogriff (D)
  5 blink frogs (D)
  A slime creature (D)
  2 redbacks (D)
  A spriggan (D)
  A tarantella (D)
  A yak (D)
  A vampire (D)
  A wraith (D)
  Grum (D)
  A steam dragon (D)
  2 vampire mosquitoes (D)
  2 water moccasins (D)
  12 orc warriors (D)
  3 porcupines (D)
  An ice beast (D)
  A sky beast (D)
  A centaur (D)
  3 wolves (D)
  2 ogres (D)
  A crocodile (D)
  3 bullfrogs (D)
  A killer bee (D)
  A crimson imp (D)
  2 jellies (D)
  3 orc priests (D)
  4 orc wizards (D)
  An adder (D)
  A worm (D)
  A worm (shapeshifter) (D)
  11 orcs (D)
  2 bats (D)
  A goblin (D)
  A ball python (D)
  A frilled lizard (D)
  A leopard gecko zombie (D)
189 creatures vanquished.

Vanquished Creatures (others)
  A yaktaur captain (D)
  2 hydras (D)
  An ogre mage (D)
  A spiny frog (D)
  A hornet (D)
  2 tyrant leeches (D)
8 creatures vanquished.

Grand Total: 197 creatures vanquished

Notes
Turn   | Place    | Note
-------+----------+-------------------------------------------
     0 | D        | equalderp2856 the Minotaur Fighter began the quest for the Orb.
     0 | D        | Reached XP level 1. HP: 19/19 MP: 0/0
     5 | D        | Reached skill level 4 in Shields
    17 | D        | Noticed an ice beast
    17 | D        | Noticed a jelly
    28 | D        | Reached XP level 2. HP: 28/28 MP: 1/1
    30 | D        | Reached skill level 5 in Fighting
    30 | D        | Reached skill level 5 in Armour
    30 | D        | Reached skill level 6 in Shields
    30 | D        | Reached XP level 3. HP: 35/36 MP: 2/2
    43 | D        | Killed an ice beast
    43 | D        | Reached skill level 5 in Long Blades
    43 | D        | Reached skill level 7 in Shields
    43 | D        | Reached XP level 4. HP: 16/45 MP: 3/3
    43 | D        | Reached XP level 5. HP: 18/51 MP: 4/4
   204 | D        | Found a roughly hewn altar of Beogh.
   204 | D        | Found a snail-covered altar of Cheibriados.
   204 | D        | Found a shadowy altar of Dithmenos.
   204 | D        | Found a white marble altar of Elyvilon.
   204 | D        | Found a blossoming altar of Fedhas.
   204 | D        | Found an opulent altar of Gozag.
   205 | D        | Found a hazy altar of Hepliaklqana.
   206 | D        | Found a viscous altar of Jiyva.
   207 | D        | Found an ancient bone altar of Kikubaaqudgha.
   208 | D        | Found a corrupted altar of Lugonu.
   235 | D        | Found a burning altar of Makhleb.
   236 | D        | Found a sparkling altar of Nemelex Xobeh.
   237 | D        | Found an iron altar of Okawaru.
   238 | D        | Found a stormy altar of Qazlal.
   239 | D        | Found a sacrificial altar of Ru.
   240 | D        | Found a deep blue altar of Sif Muna.
   241 | D        | Found a bloodstained altar of Trog.
   242 | D        | Found a hide-covered altar of Uskayaw.
   243 | D        | Found a radiant altar of Vehumet.
   244 | D        | Found an ornate altar of the Wu Jian Council.
   245 | D        | Found a shimmering altar of Xom.
   246 | D        | Found a basalt altar of Yredelemnul.
   247 | D        | Found a glowing silver altar of Zin.
   248 | D        | Found a glowing golden altar of the Shining One.
   307 | D        | Noticed an ogre
   307 | D        | Noticed a hippogriff
   307 | D        | Noticed an ogre
   307 | D        | Noticed a sky beast
   309 | D        | Reached skill level 8 in Shields
   318 | D        | Killed a sky beast
   318 | D        | Reached skill level 9 in Shields
   318 | D        | Reached XP level 6. HP: 61/61 MP: 1/5
   322 | D        | Reached skill level 1 in Dodging
   327 | D        | Killed a hippogriff
   327 | D        | Reached skill level 10 in Shields
   327 | D        | Reached XP level 7. HP: 63/69 MP: 2/6
   339 | D        | Noticed a meliai
   339 | D        | Noticed a centaur warrior
   339 | D        | Noticed a kobold demonologist
   339 | D        | Noticed a cyclops
   348 | D        | Killed a cyclops
   348 | D        | Reached skill level 10 in Armour
   348 | D        | Reached skill level 11 in Shields
   355 | D        | Reached XP level 8. HP: 24/79 MP: 2/7
   361 | D        | Killed a kobold demonologist
   361 | D        | Reached skill level 10 in Fighting
   361 | D        | Reached skill level 12 in Shields
   365 | D        | Killed a centaur warrior
   369 | D        | Killed a meliai
   369 | D        | Reached XP level 9. HP: 22/89 MP: 2/8
   668 | D        | Noticed Grum
   672 | D        | Reached skill level 13 in Shields
   681 | D        | Killed Grum
   832 | D        | Noticed a spiny frog
   832 | D        | Noticed a black mamba
   832 | D        | Noticed a komodo dragon
   839 | D        | Killed a komodo dragon
   849 | D        | Killed a black mamba
   849 | D        | Reached skill level 15 in Long Blades
   863 | D        | Killed a spiny frog
   886 | D        | Reached skill level 14 in Shields
   886 | D        | Reached XP level 10. HP: 61/100 MP: 3/9
  1069 | D        | Noticed a spiny frog
  1084 | D        | Killed a spiny frog
  1084 | D        | Reached skill level 5 in Dodging
  1084 | D        | Reached skill level 1 in Stealth
  1435 | D        | Noticed a spiny frog
  1435 | D        | Noticed a spiny frog
  1435 | D        | Noticed a spiny frog
  1439 | D        | Killed a spiny frog
  1444 | D        | Killed a spiny frog
  1450 | D        | Killed a spiny frog
  1467 | D        | Reached skill level 15 in Shields
  1632 | D        | Noticed Maurice
  1645 | D        | Killed Maurice
  1871 | D        | Noticed an orc high priest
  1871 | D        | Noticed an orc knight
  1881 | D        | Killed an orc knight
  1881 | D        | Reached XP level 11. HP: 106/111 MP: 3/10
  1895 | D        | Killed an orc high priest
  1895 | D        | Reached skill level 16 in Shields
  2317 | D        | Found Joqiob's Jewellery Boutique.
  2317 | D        | Noticed a deep troll
  2317 | D        | Noticed an ogre mage
  2317 | D        | Noticed a stone giant
  2317 | D        | Noticed a deep troll
  2317 | D        | Noticed a deep troll
  2322 | D        | Killed a deep troll
  2322 | D        | Reached skill level 15 in Fighting
  2509 | D        | Killed a stone giant
  2629 | D        | Killed a deep troll
  2661 | D        | Killed a deep troll
  2661 | D        | Reached skill level 17 in Shields
  2675 | D        | Killed an ogre mage
  2704 | D        | Noticed a deep troll
  2905 | D        | Killed a deep troll
  3133 | D        | Found Cudamixza's Book Shop.
  3137 | D        | Found Losoxon's Jewellery Boutique.
  3139 | D        | Noticed a deep troll
  3140 | D        | Found Sagovyu's Food Shop.
  3152 | D        | Killed a deep troll
  3158 | D        | Noticed an ogre mage
  3159 | D        | Noticed a deep troll
  3160 | D        | Noticed an ogre mage
  3164 | D        | Killed an ogre mage
  3164 | D        | Reached skill level 15 in Armour
  3171 | D        | Noticed a deep troll
  3396 | D        | Killed a deep troll
  3405 | D        | Killed an ogre mage
  3405 | D        | Reached XP level 12. HP: 84/124 MP: 3/11
  3419 | D        | Reached skill level 18 in Shields
  3933 | D        | Bought a +3 amulet of reflection for 219 gold pieces
  3935 | D        | Bought a ration for 65 gold pieces
  3935 | D        | Bought a ration for 65 gold pieces
  3935 | D        | Bought a ration for 65 gold pieces
  3935 | D        | Bought a ration for 65 gold pieces
  3935 | D        | Bought a ration for 65 gold pieces
  3935 | D        | Bought a ration for 65 gold pieces
  3935 | D        | Bought a ration for 65 gold pieces
  3935 | D        | Bought a ration for 65 gold pieces
  3935 | D        | Bought a ration for 65 gold pieces
  3935 | D        | Bought a ration for 65 gold pieces
  3935 | D        | Bought a ration for 65 gold pieces
  3956 | D        | Noticed Urug
  3972 | D        | Killed Urug
  4054 | D        | Found the +10 morningstar "Eos" {elec, Halo rElec}
  4126 | D        | Got the +3 shadow dragon scales "Xompauc" {rC+ rN++ Dex-4 Stlth++++}
  4199 | D        | Noticed a six-headed hydra
  4199 | D        | Noticed a centaur warrior
  4213 | D        | Noticed an ogre mage
  4215 | D        | Noticed a great orb of eyes
  4222 | D        | Killed a centaur warrior
  4231 | D        | Noticed an ettin
  4236 | D        | Killed a six-headed hydra
  4236 | D        | Reached skill level 1 in Polearms
  4244 | D        | Noticed an ice dragon
  4247 | D        | Noticed a tengu warrior
  4254 | D        | Paralysed by a great orb of eyes for 4 turns
  4284 | D        | Killed a great orb of eyes
  4284 | D        | Reached skill level 19 in Shields
  4650 | D        | Killed an ettin
  4667 | D        | Killed an ice dragon
  4987 | D        | Killed a tengu warrior
  5056 | D        | Killed an ogre mage
  5059 | D        | Noticed a deep troll shaman
  5073 | D        | Killed a deep troll shaman
  5080 | D        | Noticed a stone giant
  5091 | D        | Killed a stone giant
  5091 | D        | Reached skill level 20 in Shields
  5196 | D        | Noticed Saint Roka
  5223 | D        | Killed Saint Roka
  5223 | D        | Reached XP level 13. HP: 101/136 MP: 12/12
  5447 | D        | Noticed a merfolk impaler
  5467 | D        | Reached skill level 21 in Shields
  5475 | D        | Killed a merfolk impaler
  5623 | D        | Reached skill level 1 in Maces & Flails
  5623 | D        | Reached skill level 1 in Evocations
  6047 | D        | Reached skill level 5 in Maces & Flails
  6047 | D        | Reached skill level 22 in Shields
  6553 | D        | Noticed Snorg
  6554 | D        | Noticed Donald
  6622 | D        | Killed Donald
  6635 | D        | Killed Snorg
  6635 | D        | Reached skill level 23 in Shields
  7023 | D        | Noticed a frost giant
  7023 | D        | Noticed a stone giant
  7029 | D        | Noticed a frost giant
  7054 | D        | Killed a stone giant
  7059 | D        | Reached XP level 14. HP: 133/148 MP: 14/14
  7080 | D        | Killed a frost giant
  7248 | D        | Noticed a frost giant
  7269 | D        | Killed a frost giant
  7269 | D        | Reached skill level 24 in Shields
  7304 | D        | Killed a frost giant
  7329 | D        | Noticed a tentacled monstrosity
  7348 | D        | Killed a tentacled monstrosity
  7561 | D        | Noticed a tengu reaver
  7563 | D        | Noticed a frost giant
  7563 | D        | Noticed a stone giant
  7574 | D        | Noticed a white very ugly thing
  7621 | D        | Killed a tengu reaver
  7641 | D        | Killed a frost giant
  7641 | D        | Reached skill level 25 in Shields
  7654 | D        | Killed a stone giant
  7663 | D        | Killed a white very ugly thing
  8017 | D        | Noticed an ironheart preserver
  8028 | D        | Noticed an ironheart preserver
  8065 | D        | Killed an ironheart preserver
  8072 | D        | Killed an ironheart preserver
  8077 | D        | Noticed a sphinx
  8082 | D        | Paralysed by a sphinx for 6 turns
  8091 | D        | Killed a sphinx
  8091 | D        | Reached skill level 26 in Shields
  8209 | D        | Noticed an entropy weaver
  8227 | D        | Noticed a nagaraja
  8245 | D        | Killed an entropy weaver
  8363 | D        | Reached XP level 15. HP: 71/113 MP: 15/15
  8424 | D        | Killed a nagaraja
  9032 | D        | Noticed Aizul
  9054 | D        | Killed Aizul
  9266 | D        | Noticed Mennas
  9330 | D        | HP: 3/145 [Mennas/eudemon blade of holy wrath (19)]
  9358 | D        | Slain by Mennas

Skill      XL: |  1  2  3  4  5  6  7  8  9 10 11 12 13 14 |
---------------+-------------------------------------------+-----
Fighting       | 4 5 6 7 8 9 11 12 14 16 18 20 22 | 22.7
Armour         | 4 5 7 8 9 10 11 12 13 15 17 18 19 | 19.9
Shields        | 4 6 7 9 10 11 12 14 15 17 20 23 26 | 26.8
Long Blades    | 3 5 7 9 11 13 15 17 18 19 21 23 | 23.7
Dodging        | 1 2 3 4 6 8 9 |  9.0
Stealth        | 1 2 3 |  3.3
Polearms       | 4 |  4.1
Maces & Flails | 6 |  6.6
Evocations     | 1 2 |  2.2

Action                   |  1- 3 |  4- 6 |  7- 9 | 10-12 | 13-15 || total
-------------------------+-------+-------+-------+-------+-------++-------
Melee: Long sword        |    32 |       |       |       |       ||    32
       Headbutt          |     8 |     3 |    19 |   115 |   130 ||   275
       Scimitar          |       |    20 |    92 |   287 |       ||   399
       Double sword      |       |       |       |   132 |   539 ||   671
       Demon trident     |       |       |       |     8 |       ||     8
       Morningstar       |       |       |       |       |    30 ||    30
Evoke: Wand              |       |       |       |     1 |     9 ||    10
  Use: Potion            |     1 |       |     2 |     4 |     8 ||    15
       Scroll            |       |       |       |       |     3 ||     3
  Eat: Chunk             |       |       |       |     9 |    11 ||    20
       Ration            |       |       |       |     1 |     1 ||     2
Armor: Scale mail        |     9 |     9 |    11 |    26 |       ||    55
       Plate armour      |       |       |       |   111 |   177 ||   288
Dodge: Dodged            |     8 |       |    25 |    92 |    73 ||   198
Block: Shield            |    13 |    14 |    35 |   166 |       ||   228
       Large shield      |       |       |       |   139 |   535 ||   674
       Reflection        |       |       |       |     2 |    19 ||    21
       Rpst.: Long sword |     2 |       |       |       |       ||     2
       Scimitar          |       |       |     8 |    15 |       ||    23
       Double sword      |       |       |       |     1 |    11 ||    12
